 Dungeon Crawl Stone Soup version 0.27-a0-1191-g601b473118 (webtiles) character file.

Game seed: 17038209185422935147

87 siradein the Slasher (level 4, -3/33 HPs)
             Began as a Vampire Gladiator on May 24, 2021.
             Slain by a scorpion (5 damage)
             ... on level 3 of the Dungeon.
             The game lasted 00:04:24 (2052 turns).

siradein the Slasher (Vampire Gladiator)            Turns: 2052, Time: 00:04:24

Health: -3/33      AC:  5    Str: 14    XL:     4   Next: 28%
Magic:  4/4        EV: 13    Int: 10    God:
Gold:   123        SH:  0    Dex: 15    Spells: 3/3 levels left

rFire    . . .     SeeInvis +   a - +0 long sword
rCold    . . .     Faith    .   (no shield)
rNeg     . . .     Spirit   .   b - +0 leather armour
rPois    .         Reflect  .   c - +0 helmet
rElec    .         Harm     .   h - +0 cloak
rCorr    .         Rampage  .   (no gloves)
Will     .....                  (no boots)
Stlth    +.........             (no amulet)
HPRegen  0.31/turn              p - ring of flight
MPRegen  0.09/turn              (no ring)

@: flying, healing quickly
A: alive, fangs 3, see invisible, vampiric 2
a: Exsanguinate


You were on level 3 of the Dungeon.
You visited 1 branch of the dungeon, and saw 4 of its levels.

You collected 123 gold pieces.

Inventory:

Hand Weapons
 a - a +0 long sword (weapon)
Missiles
 d - 3 throwing nets
 i - 131 stones (quivered)
Armour
 b - a +0 leather armour (worn)
 c - a +0 helmet (worn)
 h - a +0 cloak (worn)
Jewellery
 p - a ring of flight (left hand)
Scrolls
 f - a scroll of enchant armour {unknown}
 k - a scroll of identify {unknown}
 m - a scroll of blinking {unknown}
Potions
 e - a potion of flight {unknown}
 g - a potion of curing {unknown}
 j - a potion of brilliance {unknown}
 l - a potion of attraction {unknown}
 n - a potion of invisibility {unknown}
 o - 4 potions of heal wounds {unknown}
 q - a potion of degeneration {unknown}
 r - a potion of haste {unknown}


   Skills:
 - Level 1.7 Fighting
 + Level 4.4 Long Blades
 - Level 1.5 Throwing
 + Level 4.3 Dodging


You had 3 spell levels left.
You didn't know any spells.
Your spell library contained the following spells:

 Spells                   Type           Power      Damage    Failure   Level
 Beastly Appendage        Tmut           0%         N/A       43%         1
 Wereblood                Tmut           0%         N/A       58%         2
 Spider Form              Tmut/Pois      0%         N/A       82%         3
 Ice Form                 Ice/Tmut       0%         N/A       99%         4
 Hydra Form               Tmut           0%         N/A       100%        5


Dungeon Overview and Level Annotations

Branches:
Dungeon (4/15)
 Temple: D:4-7

Altars:


Innate Abilities, Weirdness & Mutations

Your natural rate of healing is accelerated.
You have razor-sharp teeth.
You have supernaturally acute eyesight. (SInv)
You are afflicted with vampirism and can become a bat while bloodless.


Message History

(D) Dungeon
Where to? (Enter - D:3, ? - help)
What level of the Dungeon? (default 1, ? - help)
There is a stone staircase leading down here.
You fly downwards.
A hobgoblin comes into view.
Found a robe.
Found a stone staircase leading up.
There is a stone staircase leading up here.
A scorpion comes into view.
The hobgoblin shouts!
You closely miss the hobgoblin. The hobgoblin barely misses you.
You riposte.
You hit the hobgoblin.
The hobgoblin is lightly wounded.
You closely miss the hobgoblin.
The hobgoblin is lightly wounded.
The hobgoblin hits you. The scorpion closely misses you.
There is a stone staircase leading up here.
The scorpion stings you! The hobgoblin closely misses you.
You riposte.
You barely miss the hobgoblin.
The hobgoblin is lightly wounded.
You fly upwards.
There is a stone staircase leading down here.
The scorpion stings you.
You are poisoned.
The scorpion poisons you! The hobgoblin misses you.
You feel very sick. The scorpion misses you.
You riposte.
You barely miss the scorpion.
You feel very sick.
You feel sick. The scorpion stings you.
* * * LOW HITPOINT WARNING * * *
You feel sick.
You feel sick.
You feel sick.
You feel sick.
You feel sick.
You feel sick.
You are no longer poisoned.
The scorpion stings you.
You die...

# #.# #.# #.# #.##.# #.#
####.###.#####.## #.##.# #.#
................#######.##.#
#.##
####.###................##.#
#... #.#
#######..##########.# ####
#.# #.............# #.#
#######.#.g........>######
###.#
#...>..###s###########....
#...# #.#####.#@## #.###
#.### #.# ##.## #.# #.# #.#
#.# #.# #.# #.# #.#
########.# #.# #.#
#.######........# #.# #.#
#.........####### #.# #.#
########.## #.#####.# ###
#.......#


You could see a scorpion and a hobgoblin.

Vanquished Creatures
  A howler monkey skeleton (D:3)
  3 adders
  A worm (D:3)
  A dart slug (D:2)
  3 ball pythons
  5 bats
  3 endoplasms (D:2)
  2 giant cockroaches (D:1)
  7 goblins
  4 hobgoblins
  3 jackals (D:1)
  2 quokkas
  A frilled lizard (D:1)
  3 kobolds
  3 rats
42 creatures vanquished.

Notes
Turn   | Place    | Note
-------+----------+-------------------------------------------
     0 | D:1      | siradein the Vampire Gladiator began the quest for the Orb.
     0 | D:1      | Reached XP level 1. HP: 16/16 MP: 1/1
   228 | D:1      | Reached XP level 2. HP: 22/22 MP: 2/2
   297 | D:1      | Found a faded altar of an unknown god.
   968 | D:2      | Gained mutation: You are afflicted with vampirism and can
                  | become a bat while bloodless. [Vampire growth]
   968 | D:2      | Reached XP level 3. HP: 14/27 MP: 3/3
  1575 | D:3      | Reached XP level 4. HP: 29/33 MP: 4/4
  2035 | D:4      | Noticed a scorpion
  2052 | D:3      | Slain by a scorpion

Illustrated notes

Levels and vault maps discovered:
D:1:      lemuel_arrival_hallway, layout_loops_ring,
          ebering_ecumenical_altar_sacrificial, hangedman_feature_mirror
D:2:      layout_basic, kennysheep_generic_room_11
D:3:      layout_loops_ring
D:4:      cheibrodos_thug_alley, layout_loops_ring, lemuel_crystal_altar,
          nicolae_wu_jian_wuxing_cycle, overflow_temple_1_default,
          grunt_temple_overflow_open, uniq_menkaure

Skill      XL: |  1  2  3 |
---------------+----------+-----
Long Blades    | 4 |  4.4
Dodging        | 4 |  4.3
Fighting       | |  1.7
Throwing       | |  1.5

Action                   |  1- 3 |  4- 6 || total
-------------------------+-------+-------++-------
Melee: Long sword        |    84 |    23 ||   107
       Bite              |    12 |     4 ||    16
Throw: Stone             |     4 |       ||     4
 Stab: Sleeping          |     1 |       ||     1
Armor: Leather armour    |    30 |     9 ||    39
Dodge: Dodged            |    64 |    19 ||    83
       Rpst.: Long sword |    22 |     7 ||    29

Table legend: (Time is in decaauts)
 A = Elapsed time spent in this place.
 B = Non-inter-level travel time spent in this place.
 C = Inter-level travel time spent in this place.
 D = Time resting spent in this place.
 E = Time spent auto-exploring this place.
 F = Levels seen in this place.
 G = Mean time per level.
                   A        B        C        D        E       F      G
               +--------+--------+--------+--------+--------+-----+--------+
         Total |   2075 |   2009 |     66 |     44 |   1634 |   4 |  518.8 |
       Dungeon |   2075 |   2009 |     66 |     44 |   1634 |   4 |  518.8 |
               +--------+--------+--------+--------+--------+-----+--------+

Top non-repeatable levels by time:
     D:2: 694 daAuts
     D:3: 686 daAuts
     D:1: 685 daAuts
     D:4: 10 daAuts
